 Dungeon Crawl Stone Soup version 0.28.0-45-g0d030f2227 (webtiles) character file.

Game seed: 4475550870485571995

697 bobregger the Skirmisher (level 7, -3/76 HPs)
             Began as an Ogre Berserker on Apr 20, 2022.
             Was a Believer of Trog.
             Succumbed to a kobold brigand's curare-tipped dart
             ... on level 4 of the Dungeon.
             The game lasted 00:04:41 (4446 turns).

bobregger the Skirmisher (Ogre Berserker)           Turns: 4446, Time: 00:04:41

Health: -3/76      AC:  5    Str: 22    XL:     7   Next: 65%
Magic:  7/7        EV: 10    Int:  8    God:    Trog [**....]
Gold:   197        SH:  0    Dex: 10    Spells: 6/6 levels left

rFire   . . .      SeeInvis .   a - +0 mace
rCold   . . .      Faith    .   (no shield)
rNeg    . . .      Spirit   .   l - +2 robe {Will+}
rPois   .          Reflect  .   (helmet restricted)
rElec   .          Harm     .   (no cloak)
rCorr   .          Rampage  .   (gloves unavailable)
Will    +++..                   (boots unavailable)
Stlth   +.........              (no amulet)
HPRegen 1.22/turn               (no ring)
MPRegen 0.10/turn               (no ring)

@: lethally poisoned (-3 -> -13), strong-willed, regenerating, slowed,
invisible, very slow
A: large, unfitting armour, tough skin 1
a: Renounce Religion, Berserk, Trog's Hand


You were on level 4 of the Dungeon.
You worshipped Trog.
Trog was pleased with you.
You visited 1 branch of the dungeon, and saw 4 of its levels.

You collected 197 gold pieces.

Inventory:

Hand Weapons
 a - a +0 mace (weapon)
 q - a +0 giant club
Armour
 l - a +2 robe of willpower (worn)
Jewellery
 b - a ring of fire
 e - an amulet of faith
 i - a ring of ice
 o - a ring of resist corrosion
Wands
 k - a wand of polymorph (5)
Scrolls
 c - 2 scrolls of summoning {unknown}
 d - a scroll of magic mapping {unknown}
 f - 4 scrolls of identify {unknown}
 h - a scroll of teleportation {unknown}
 r - a scroll of enchant weapon {unknown}
Potions
 g - a potion of invisibility
 j - 2 potions of flight {unknown}
 m - a potion of heal wounds {unknown}
 n - a potion of curing {unknown}
 p - a potion of degeneration {unknown}


   Skills:
 + Level 6.6 Fighting
 * Level 5.9 Maces & Flails
 + Level 4.5 Dodging


You had 6 spell levels left.
You didn't know any spells.
Your spell library was empty.

Dungeon Overview and Level Annotations

Branches:
Dungeon (4/15)
 Temple: D:4-7

Altars:
Uskayaw
Zin
The Shining One

Shops:
D:3 *


Innate Abilities, Weirdness & Mutations

You are too large for most types of armour.
You have tough skin. (AC +1)


Message History

The curare-tipped dart barely misses you.
You feel yourself speed up.
A kobold brigand is nearby!
The kobold brigand throws a curare-tipped dart.
The curare-tipped dart completely misses you.
The kobold brigand throws a curare-tipped dart.
The curare-tipped dart closely misses you.
The kobold brigand throws a curare-tipped dart.
The curare-tipped dart hits you.
You are poisoned.
You have difficulty breathing.
You feel yourself slow down.
You feel very sick.
You feel very sick.
You feel very sick.
The kobold brigand throws a curare-tipped dart.
The curare-tipped dart hits you.
You are more poisoned.
You have difficulty breathing.
You feel as though you will be slow longer.
The kobold brigand throws a curare-tipped dart.
The curare-tipped dart hits you.
You are more poisoned.
You have difficulty breathing.
You feel as though you will be slow longer.
You feel extremely sick.
You feel extremely sick.
It was a potion of invisibility.
You fade into invisibility!
You feel very sick.
The kobold brigand throws a curare-tipped dart.
The curare-tipped dart hits you.
You are lethally poisoned!
You have difficulty breathing.
* * * LOW HITPOINT WARNING * * *
You feel as though you will be slow longer.
* * * LOW HITPOINT WARNING * * *
You feel extremely sick.
Your skin crawls.
You feel strong-willed.
You die...

..#.##############
#.#.........)....#
####.###.........(..####
#..>..<............(....
#....#.#............####
#....#..............#...
#....################...
#....################...
#....'.@....K...........
#....################...
###### #...........
#...........
#.....)..K..
#...........
#......K..#.
#.........#.
#.........#.


You could see a kobold brigand.

Vanquished Creatures
  A steam dragon (D:2)
  Pargi (D:3)
  An ogre (D:4)
  A scorpion (D:4)
  A centaur zombie (D:3)
  A hound (D:4)
  Terence (D:3)
  Jessica (D:3)
  2 centaur skeletons (D:4)
  A hound skeleton (D:4)
  7 adders
  An ufetubus (D:4)
  An adder skeleton (D:4)
  A dart slug (D:1)
  9 bats
  7 endoplasms
  2 giant cockroaches
  6 goblins
  4 hobgoblins
  15 jackals
  4 quokkas
  7 ball pythons
  4 frilled lizards
  4 kobolds
  11 rats
94 creatures vanquished.

Notes
Turn   | Place    | Note
-------+----------+-------------------------------------------
     0 | D:1      | bobregger the Ogre Berserker began the quest for the Orb.
     0 | D:1      | Reached XP level 1. HP: 24/24 MP: 1/1
   265 | D:1      | Reached XP level 2. HP: 18/32 MP: 2/2
   719 | D:1      | Reached XP level 3. HP: 40/40 MP: 3/3
   981 | D:1      | Found a faded altar of an unknown god.
  1046 | D:1      | Reached ** piety under Trog
  1567 | D:2      | Identified the amulet of Juuseh {RegenMP +Inv Stlth+}
  2055 | D:2      | Reached XP level 4. HP: 49/49 MP: 4/4
  2418 | D:2      | Found a glowing golden altar of the Shining One.
  2857 | D:3      | Noticed a steam dragon
  2887 | D:2      | Killed a steam dragon
  2888 | D:2      | Reached skill level 5 in Fighting
  2888 | D:2      | Reached XP level 5. HP: 57/57 MP: 5/5
  2888 | D:2      | Reached XP level 6. HP: 66/66 MP: 6/6
  3062 | D:3      | Noticed Jessica
  3071 | D:3      | Killed Jessica
  3165 | D:3      | Found Paqich's General Store.
  3223 | D:3      | Noticed Pargi
  3231 | D:3      | Killed Pargi
  3232 | D:3      | Reached skill level 5 in Maces & Flails
  3347 | D:3      | Noticed Terence
  3361 | D:3      | Killed Terence
  3362 | D:3      | Reached skill level 6 in Fighting
  3477 | D:3      | Reached XP level 7. HP: 68/75 MP: 7/7
  3889 | D:4      | Found a glowing silver altar of Zin.
  4030 | D:4      | Found a glowing golden altar of the Shining One.
  4340 | D:4      | Found a hide-covered altar of Uskayaw.
  4445 | D:4      | HP: 2/76 [poisoned by a kobold brigand (curare-tipped
                  | dart)]
  4446 | D:4      | Succumbed to a kobold brigand's curare-tipped dart

Illustrated notes

Levels and vault maps discovered:
D:1:      kilobyte_arrival_exit_the_forest, layout_basic,
          dreamdust_ecumenical_altar_hidden_monk_grotto
D:2:      layout_basic, basic_altar, nicolae_elevator_lobby_plus
D:3:      layout_basic, serial_shops, shop, lemuel_another_geyser, uniq_terence,
          uniq_jessica, uniq_pargi
D:4:      layout_basic, mainiacjoe_overflow_six_doors_small,
          mainiacjoe_overflow_alcove_1, yredelemnul_forgotten_temple_becter,
          tso_oasis_becter

Skill      XL: |  1  2  3  4  5  6 |
---------------+-------------------+-----
Maces & Flails | 3 4 5 |  5.9
Dodging        | 3 4 |  4.5
Fighting       | 5 6 |  6.6

Action                   |  1- 3 |  4- 6 |  7- 9 || total
-------------------------+-------+-------+-------++-------
Melee: Mace              |   115 |   104 |    55 ||   274
       Punch             |       |       |     1 ||     1
Invok: Berserk           |     3 |     4 |     4 ||    11
       Trog's Hand       |       |       |     1 ||     1
  Use: Potion            |       |       |     1 ||     1
Armor: Animal skin       |    68 |    26 |       ||    94
       Robe              |       |    36 |    27 ||    63
Dodge: Dodged            |   119 |    73 |    39 ||   231
